 Dungeon Crawl Stone Soup version 0.31.0-11-ge490571c62 (webtiles) character file.

Game seed: 5570937626022545042

507 qw the Skirmisher (level 6, -3/35 HPs)
             Began as a Deep Elf Hunter on Feb 4, 2024.
             Slain by a goblin
             ... wielding a +0 club
             ... led by Robin
              (5 damage)
             ... on level 4 of the Dungeon.
             The game lasted 00:01:38 (2406 turns).

qw the Skirmisher (Deep Elf Hunter)                 Turns: 2406, Time: 00:01:39

Health: -3/35      AC:  9    Str: 10    XL:     6   Next: 97%
Magic:  8/8        EV: 11    Int: 14    God:
Gold:   107        SH:  0    Dex: 18    Spells: 5/5 levels left

rFire   . . .        a - +0 shortbow
rCold   . . .        (shield currently unavailable)
rNeg    . . .        b - +0 ring mail
rPois   .            e - +2 helmet
rElec   .            (no cloak)
rCorr   .            d - +0 pair of gloves
SInv    .            (no boots)
Will    .....        (no amulet)
Stlth   +            (no ring)
HPRegen 0.25/turn    (no ring)
MPRegen 0.11/turn

%: no passive effects
@: no status effects
A: no striking features
a: no special abilities


You were on level 4 of the Dungeon.
You visited 1 branch of the dungeon, and saw 4 of its levels.

You collected 107 gold pieces.


   Skills:
 - Level 2.0 Fighting
 + Level 9.8 Ranged Weapons
 - Level 2.6 Armour
 - Level 2.4 Dodging
 - Level 1.2 Stealth


You had 5 spell levels left.
You didn't know any spells.
Your spell library was empty.

Inventory:

Hand Weapons
 a - a +0 shortbow (weapon)
Armour
 b - a +0 ring mail (worn)
 d - a +0 pair of gloves (worn)
 e - a +2 helmet (worn)
Wands
 c - a wand of mindburst (13)
 f - a wand of digging (5)
 g - a wand of roots (22)
Potions
 h - a potion of resistance
 i - a potion of might
 j - a potion of cancellation {unknown}

Dungeon Overview and Level Annotations

Branches:
Dungeon (4/15)             Temple (0/1) D:4

Altars:
Gozag
Nemelex Xobeh

Shops:
D:1 :


Message History

You shoot an arrow. The arrow hits the goblin.
The goblin is moderately wounded.
The goblin hits you but does no damage. The goblin hits you with a +0 club.
The goblin barely misses you. x2
You shoot an arrow. The arrow hits the goblin.
You kill the goblin!
The goblin hits you but does no damage. The goblin closely misses you.
The goblin barely misses you.
You shoot an arrow. The arrow closely misses the goblin.
The goblin hits you but does no damage. The goblin hits you with a +0 club.
The goblin hits you but does no damage.
You shoot an arrow. The arrow misses the goblin.
The goblin closely misses you.
Robin roars a battlecry!
The goblin goes into a battle-frenzy!
The goblin hits you but does no damage. The goblin closely misses you.
You shoot an arrow. The arrow closely misses the goblin.
The goblin hits you with a +0 club. x2; The goblin barely misses you.
The goblin closely misses you. The goblin barely misses you.
The goblin closely misses you.
You shoot an arrow. The arrow hits Robin.
Robin is lightly wounded.
The goblin closely misses you. The goblin barely misses you.
The goblin closely misses you. Robin closely misses you.
You shoot an arrow. The arrow hits Robin!
Robin is severely wounded.
The goblin closely misses you. The goblin completely misses you.
The goblin hits you with a +0 club.
You shoot an arrow. The arrow hits Robin.
Robin is almost dead.
The goblin hits you but does no damage. x2; The goblin closely misses you.
You shoot an arrow. The arrow hits Robin!
You kill Robin!
The goblin hits you with a +0 club. The goblin barely misses you.
The goblin hits you but does no damage.
You shoot an arrow. The arrow hits the goblin.
The goblin is heavily wounded.
The goblin no longer looks unusually strong.
The goblin hits you with a +0 club.
You die...

#. #. . ###
#######. .. ...
........ ...
..# #...###.
>... ##.. .
+..<
.....#..#####.#
###.
#.Sgg).....# ..
#@# ### #g# ###
#.# .. #.# .#
#.####.###
#........#
#......#.###
##.#.....<..
#..##[#.###.##.


You could see an adder and 3 goblins.

Vanquished Creatures
  Sigmund (D:4)
  An ogre (D:4)
  A bombardier beetle (D:3)
  An orc priest (D:3)
  An iguana (D:4)
  Robin (D:4)
  4 gnolls (D:4)
  3 adders
  A dart slug (D:4)
  A ribbon worm (D:3)
  4 orcs
  5 ball pythons
  4 endoplasms
  3 giant cockroaches
  19 goblins
  7 hobgoblins
  2 jackals (D:3)
  7 kobolds
  4 quokkas
  4 bats
  2 frilled lizards
  7 rats
83 creatures vanquished.

Notes
Turn   | Place    | Note
-------+----------+-------------------------------------------
     0 | D:1      | qw the Deep Elf Hunter began the quest for the Orb.
     0 | D:1      | Reached XP level 1. HP: 12/12 MP: 3/3
     0 | D:1      | 0 ||| qw: Version: 0.3-a-160-g6735b56
     0 | D:1      | 0 ||| qw: Game counter: 5933
     0 | D:1      | 0 ||| qw: Melee chars always use a shield: true
     0 | D:1      | 0 ||| qw: God list: Okawaru
     0 | D:1      | 0 ||| qw: Allow faded altars: false
     0 | D:1      | 0 ||| qw: Do Orc after clearing Dungeon:15 true
     0 | D:1      | 0 ||| qw: Do second Lair branch before Depths: true
     0 | D:1      | 0 ||| qw: Lair rune preference: random
     0 | D:1      | 0 ||| qw: Goals: Normal
     0 | D:1      | 0 ||| PLANNING D:1-11
   169 | D:1      | Reached skill level 6 in Ranged Weapons
   169 | D:1      | Reached XP level 2. HP: 16/16 MP: 4/4
   285 | D:1      | Found Wocsi's Book Emporium.
   519 | D:1      | 519 ||| UPGRADING to +2 helmet.
   524 | D:1      | 524 ||| READING 2 scrolls labelled JIGISOF URPHOIPN.
   525 | D:1      | 525 ||| READING scroll labelled ESUHUEXTUH.
   526 | D:1      | 526 ||| DROPPING scroll of butterflies.
   527 | D:1      | 527 ||| DROPPING scroll of fog.
   668 | D:2      | Reached XP level 3. HP: 20/20 MP: 5/5
   896 | D:2      | Reached skill level 7 in Ranged Weapons
  1003 | D:2      | 1003 ||| UPGRADING to +0 pair of gloves.
  1008 | D:2      | 1008 ||| READING scroll of identify.
  1008 | D:2      | 1008 ||| IDENTIFYING scroll labelled ZIBAINLOAR
  1009 | D:2      | 1009 ||| READING 3 scrolls labelled YTSOIT GYSIBB.
  1010 | D:2      | 1010 ||| DROPPING scroll of amnesia.
  1011 | D:2      | 1011 ||| DROPPING 2 scrolls of blinking.
  1129 | D:3      | Reached XP level 4. HP: 25/25 MP: 6/6
  1474 | D:3      | Reached skill level 8 in Ranged Weapons
  1485 | D:3      | Reached XP level 5. HP: 29/29 MP: 7/7
  1687 | D:3      | 1687 ||| UPGRADING to +0 ring mail.
  1697 | D:3      | 1697 ||| DROPPING +0 leather armour.
  1698 | D:3      | 1698 ||| READING 2 scrolls of identify.
  1698 | D:3      | 1698 ||| IDENTIFYING fizzy blue potion
  1699 | D:3      | 1699 ||| READING scroll of identify.
  1699 | D:3      | 1699 ||| IDENTIFYING bubbling white potion
  1728 | D:4      | Noticed an ogre
  1733 | D:4      | 1733 ||| ZAPPING wand of mindburst (20) at 2,0 (ogre;
                  | floor).
  1734 | D:4      | 1734 ||| ZAPPING wand of mindburst (19) at 1,0 (ogre;
                  | floor).
  1735 | D:4      | 1735 ||| ZAPPING wand of mindburst (18) at 1,0 (ogre;
                  | floor).
  1736 | D:4      | 1736 ||| ZAPPING wand of mindburst (17) at 1,0 (ogre;
                  | floor).
  1736 | D:4      | Killed an ogre
  1737 | D:4      | Reached skill level 9 in Ranged Weapons
  1817 | D:4      | 1817 ||| FLEEEEING.
  1853 | D:4      | Noticed Sigmund
  1854 | D:4      | 1854 ||| FLEEEEING.
  1855 | D:4      | 1855 ||| FLEEEEING.
  1856 | D:4      | 1856 ||| FLEEEEING.
  1857 | D:4      | 1857 ||| FLEEEEING.
  1858 | D:4      | 1858 ||| FLEEEEING.
  1859 | D:4      | 1859 ||| FLEEEEING.
  1860 | D:4      | 1860 ||| FLEEEEING.
  1868 | D:4      | 1868 ||| ZAPPING wand of mindburst (16) at 1,2 (Sigmund;
                  | floor).
  1869 | D:4      | 1869 ||| ZAPPING wand of mindburst (15) at 1,2 (Sigmund;
                  | floor).
  1870 | D:4      | 1870 ||| ZAPPING wand of mindburst (14) at 1,2 (Sigmund;
                  | floor).
  1870 | D:4      | Killed Sigmund
  1871 | D:4      | Reached XP level 6. HP: 20/35 MP: 8/8
  2126 | D:4      | Found an opulent altar of Gozag.
  2211 | D:4      | Found a sparkling altar of Nemelex Xobeh.
  2378 | D:4      | Found a staircase to the Ecumenical Temple.
  2378 | D:4      | Noticed Robin
  2379 | D:4      | 2379 ||| PLANNING TEMPLE
  2401 | D:4      | HP: 7/35 [goblin/+0 club[Robin] (6)]
  2403 | D:4      | HP: 3/35 [goblin/+0 club[Robin] (5)]
  2405 | D:4      | Killed Robin
  2406 | D:4      | Slain by a goblin

Levels and vault maps discovered:
D:1:      shiori_arrival_oz, layout_basic, serial_shops, shop_statue,
          hangedman_decor_clover_reticule, hex_tiny, minmay_misc_feat_columns
D:2:      layout_rooms, grunt_ministairs_3, st_stairs_6, kennysheep_nondescript,
          dreamdust_princess_bridge
D:3:      layout_basic, minmay_goblin_outpost
D:4:      layout_basic, grunt_temple_overflow_opulence,
          minmay_temple_entry_stoned_glass, serial_shops, shop,
          minmay_manual_mandibuliform, uniq_crazy_yiuf_cottage, uniq_sigmund,
          uniq_robin

Skill      XL: |  1  2  3  4  5 |
---------------+----------------+-----
Ranged Weapons | 6 7 8 9 |  9.8
Fighting       | 2 |  2.0
Armour         | 2 |  2.6
Dodging        | |  2.4
Stealth        | |  1.2

Action                     |  1- 3 |  4- 6 || total
---------------------------+-------+-------++-------
   Fire: Shortbow          |   121 |   154 ||   275
  Evoke: Wand              |       |     7 ||     7
    Use: Scroll            |     4 |     2 ||     6
 Armour: Leather armour    |    14 |       ||    14
         Ring mail         |       |    61 ||    61
  Dodge: Dodged            |    20 |    65 ||    85

Table legend:
 A = Non-vault XP
 B = Vault XP
 C = Vault XP percentage of total XP
 D = Non-vault monster count
 E = Vault monster count
 F = Vault count percentage of total count
                 A         B        C        D         E       F
            +---------+---------+-------+---------+---------+-------
      Total |     413 |     312 |  43.0 |      60 |      23 |  27.7
            +---------+---------+-------+---------+---------+-------
        D:1 |      32 |       3 |   8.6 |      19 |       2 |   9.5
        D:2 |      29 |      17 |  37.0 |      10 |       4 |  28.6
        D:3 |     112 |       8 |   6.7 |      16 |       4 |  20.0
        D:4 |     240 |     284 |  54.2 |      15 |      13 |  46.4
            +---------+---------+-------+---------+---------+-------
